 Dungeon Crawl Stone Soup version 0.28-a0-556-gab23d0e057 (webtiles) character file.

Game seed: 9861128161503764803

247 Zenkrye the Caller (level 6, -5/47 HPs)
             Began as a Barachi Summoner on Sept 28, 2021.
             Was a Follower of Okawaru.
             Slain by an ogre (20 damage)
             ... on level 4 of the Dungeon.
             The game lasted 00:11:25 (4322 turns).

Zenkrye the Caller (Barachi Summoner)               Turns: 4322, Time: 00:11:25

Health: -5/47      AC:  6    Str: 11    XL:     6   Next: 11%
Magic:  10/10      EV: 11    Int: 16    God:    Okawaru [*.....]
Gold:   177        SH:  5    Dex: 12    Spells: 8/11 levels left

rFire   . . .      SeeInvis .   t - +0 rapier
rCold   + . .      Faith    .   (no shield)
rNeg    . . .      Spirit   .   n - +0 ring mail
rPois   +          Reflect  +   (no helmet)
rElec   .          Harm     .   (no cloak)
rCorr   .          Rampage  .   (no gloves)
Will    .....                   m - +0 pair of boots
Stlth   +.........              u - amulet of reflection
HPRegen 0.15/turn               o - ring of poison resistance
MPRegen 0.12/turn               c - ring of protection from cold

@: slow
A: amphibious, slowness 1, strong legs 1, +LOS
a: Hop, Renounce Religion, Heroism


You were on level 4 of the Dungeon.
You worshipped Okawaru.
Okawaru was aware of your devotion.
You visited 1 branch of the dungeon, and saw 4 of its levels.

You collected 177 gold pieces.

Inventory:

Hand Weapons
 b - a +0 dagger
 g - a +0 spear
 h - a +0 glaive
 j - a +0 hunting sling {@w2}
 t - a +0 rapier (weapon)
Missiles
 f - 26 bolts
 k - 37 stones
 p - 44 sling bullets
 q - 5 boomerangs
 s - 4 javelins
Armour
 a - a +0 robe
 m - a +0 pair of boots (worn)
 n - a +0 ring mail (worn)
Jewellery
 c - a ring of protection from cold (right hand)
 o - a ring of poison resistance (left hand)
 u - an amulet of reflection (around neck)
Scrolls
 i - a scroll of identify {@r1}
 v - a scroll of silence
 w - 2 scrolls of magic mapping
Potions
 d - a potion of mutation
 e - a potion of flight
 l - 2 potions of heal wounds {@q2}
 r - a potion of brilliance


   Skills:
 + Level 3.1 Fighting
 + Level 3.1 Armour
 + Level 3.7 Dodging
 - Level 1.7 Stealth
 - Level 3.0 Spellcasting
 - Level 5.7 Summonings


You had 8 spell levels left.
You knew the following spells:

 Your Spells              Type           Power      Damage    Failure   Level
b - Call Canine Familiar  Summ           20%        N/A       12%         3

Your spell library contained the following spells:

 Spells                   Type           Power      Damage    Failure   Level
 Apportation              Tloc           4%         N/A       38%         1
 Slow                     Hex            2%         N/A       54%         2
 Confusing Touch          Hex            2%         N/A       77%         3
 Vampiric Draining        Necr           1%         2d6       77%         3
 Summon Small Mammal      Summ           Unusable   N/A       N/A         1
 Call Imp                 Summ           Unusable   N/A       N/A         2
 Summon Guardian Golem    Hex/Summ       Unusable   N/A       N/A         3
 Animate Skeleton         Necr           Unusable   N/A       N/A         1
 Summon Lightning Spire   Summ/Air       Unusable   N/A       N/A         4

Dungeon Overview and Level Annotations

Branches:
Dungeon (4/15)
 Temple: D:4-7

Altars:
Elyvilon
Okawaru
Uskayaw


Innate Abilities, Weirdness & Mutations

You are amphibious.
You cover ground slowly.
You can hop short distances.
You have an extended range of vision and can be seen from far away.


Message History

You shoot a sling bullet. The sling bullet hits the ball python!
You kill the ball python!
Okawaru accepts your kill.
No target in view!
v - a scroll of silence
p - 43 sling bullets (gained 1)
You see here a ball python corpse.
p - 44 sling bullets (gained 1)
p - 45 sling bullets (gained 1)
p - 46 sling bullets (gained 1)
p - 47 sling bullets (gained 1)
w - 2 scrolls of magic mapping An ogre comes into view.
It is wielding a +0 giant club.
The ogre shouts!
You shoot a sling bullet.
The sling bullet barely misses the ogre.
You shoot a sling bullet. The sling bullet hits the ogre.
The ogre is lightly wounded.
You shoot a sling bullet. The sling bullet hits the ogre!
The ogre is moderately wounded.
t - a +0 rapier (weapon)
You fail to use your ability.
The ogre hits you with a +0 giant club!
You hit the ogre.
The ogre is heavily wounded.
You block the ogre's attack.
You puncture the ogre!
The ogre is severely wounded.
The ogre barely misses you.
You hit the ogre but do no damage.
The ogre is severely wounded.
The ogre hits you with a +0 giant club!!
Ouch! That really hurt!
* * * LOW HITPOINT WARNING * * *
You hit the ogre but do no damage.
The ogre is severely wounded.
The ogre misses you.
You hit the ogre but do no damage.
The ogre is severely wounded.
The ogre hits you with a +0 giant club!!
You die...

#..........#..#......
#..........#..#.#..##
#..........#.......#
#..........##......
######.##.## .....
#.#..# ... #.#.##
##.#.# #.@..# #.O###
#.## ... ..#( #.##(
#. #. # .. #. #


You could see an ogre.

Vanquished Creatures
  A howler monkey (D:3)
  A jelly (D:4)
  An orc priest (D:3)
  An iguana (D:4)
  A hound skeleton (D:3)
  2 adders
  An ufetubus (D:3)
  A worm (D:2)
  3 dart slugs
  3 orcs (D:3)
  3 ball pythons
  2 bats (D:2)
  5 endoplasms
  5 giant cockroaches
  6 hobgoblins
  4 jackals
  6 kobolds
  A quokka (D:4)
  2 frilled lizards (D:3)
  3 goblins
  5 rats
57 creatures vanquished.

Vanquished Creatures (collateral kills)
  A ball python (D:1)
  2 endoplasms (D:1)
  A giant cockroach (D:1)
  6 goblins (D:1)
  A hobgoblin (D:1)
  2 kobolds (D:1)
  A frilled lizard (D:1)
  A rat (D:1)
15 creatures vanquished.

Vanquished Creatures (others)
  2 plants (D:1)
2 creatures vanquished.

Grand Total: 74 creatures vanquished

Notes
Turn   | Place    | Note
-------+----------+-------------------------------------------
     0 | D:1      | Zenkrye the Barachi Summoner began the quest for the Orb.
     0 | D:1      | Reached XP level 1. HP: 13/13 MP: 3/3
    42 | D:1      | Reached skill level 5 in Summonings
    59 | D:1      | Reached XP level 2. HP: 2/19 MP: 0/5
   945 | D:1      | Reached XP level 3. HP: 20/24 MP: 4/7
  1270 | D:1      | Found a faded altar of an unknown god.
  1275 | D:1      | Learned a level 3 spell: Call Canine Familiar
  1281 | D:1      | Became a worshipper of Warmaster Okawaru
  1281 | D:1      | Reached * piety under Okawaru
  2188 | D:2      | Reached XP level 4. HP: 8/31 MP: 8/8
  2561 | D:2      | Reached skill level 1 in Fighting
  2839 | D:3      | Reached skill level 1 in Armour
  2903 | D:3      | Found a white marble altar of Elyvilon.
  3366 | D:3      | Reached XP level 5. HP: 17/38 MP: 9/9
  4192 | D:4      | Found a hide-covered altar of Uskayaw.
  4276 | D:4      | Reached XP level 6. HP: 47/47 MP: 10/10
  4322 | D:4      | Slain by an ogre

Illustrated notes

Levels and vault maps discovered:
D:1:      mrwooster_arrival_arrow, layout_basic, ebering_ecumenical_altar_webs,
          serial_forest, infiniplex_forest_clump_small,
          infiniplex_forest_lined_room_3, infiniplex_forest_clump_curved,
          infiniplex_forest_end_3, infiniplex_forest_end_3,
          infiniplex_forest_clump_curved, st_stairs_6
D:2:      minmay_evil_eye, layout_loops_ring, minmay_small_reverse_x
D:3:      layout_loops_ring, old_standard_altar
D:4:      layout_rooms, nicolae_uskayaw_murder_on_the_dancefloor

Skill      XL: |  1  2  3  4  5 |
---------------+----------------+-----
Summonings     | 5 |  5.7
Spellcasting   | 3 |  3.0
Fighting       | 2 3 |  3.1
Armour         | 2 3 |  3.1
Dodging        | 3 |  3.7
Stealth        | |  1.7

Action                   |  1- 3 |  4- 6 || total
-------------------------+-------+-------++-------
Melee: Dagger            |     2 |       ||     2
       Rapier            |    56 |    32 ||    88
       Glaive            |    12 |       ||    12
       Spear             |     4 |       ||     4
 Fire: Hunting sling     |    18 |   105 ||   123
 Cast: Summon Small Mamm |    23 |       ||    23
Invok: Heroism           |     1 |     2 ||     3
 Abil: Hop               |     2 |     1 ||     3
  Use: Scroll            |       |     8 ||     8
 Stab: Distracted        |     1 |       ||     1
       Sleeping          |       |     1 ||     1
Armor: Robe              |    16 |       ||    16
       Ring mail         |    11 |    23 ||    34
Dodge: Dodged            |    54 |    44 ||    98
Block: Other             |       |    17 ||    17

Table legend: (Time is in decaauts)
 A = Elapsed time spent in this place.
 B = Non-inter-level travel time spent in this place.
 C = Inter-level travel time spent in this place.
 D = Time resting spent in this place.
 E = Time spent auto-exploring this place.
 F = Levels seen in this place.
 G = Mean time per level.
                   A        B        C        D        E       F      G
               +--------+--------+--------+--------+--------+-----+--------+
         Total |   4756 |   4592 |    164 |    663 |   3175 |   4 | 1189.0 |
       Dungeon |   4756 |   4592 |    164 |    663 |   3175 |   4 | 1189.0 |
               +--------+--------+--------+--------+--------+-----+--------+

Top non-repeatable levels by time:
     D:2: 1567 daAuts
     D:1: 1523 daAuts
     D:3: 1353 daAuts
     D:4: 312 daAuts
